 Dungeon Crawl Stone Soup version 0.30-a0-414-gcb316572d5 (webtiles) character file.

Game seed: 6997313237378064391

4712 NinjaNoafa the Spear-Bearer (level 10, -4/88 HPs)
             Began as a Minotaur Fighter on Dec 7, 2022.
             Was an Elder of Zin.
             Slain by an acid dragon (6 damage)
             ... on level 8 of the Dungeon.
             The game lasted 00:20:22 (7782 turns).

NinjaNoafa the Spear-Bearer (Minotaur Fighter)      Turns: 7782, Time: 00:20:23

Health: -4/88      AC:  1    Str: 25    XL:     10   Next: 22%
Magic:  13/15      EV:  9    Int:  8    God:    Zin [****..]
Gold:   285        SH: 11    Dex: 16    Spells: 9/9 levels left

rFire   . . .      SeeInvis .    l - +1 spear (freeze)
rCold   . . .      Faith    .    c - +0 buckler
rNeg    . . .      Spirit   .    b - +0 scale mail
rPois   ∞          Reflect  +    (helmet restricted)
rElec   .          Harm     .    j - scarf {repulsion}
rCorr   +          Rampage  .    g - +0 pair of gloves
Will    +....                    (no boots)
Stlth   ..........               G - amulet of reflection
HPRegen 0.34/turn                o - ring of willpower
MPRegen 0.14/turn                K - ring of resist corrosion

@: vitalised, corroded, on recite cooldown, repel missiles
A: horns 2, retaliatory headbutt
a: Renounce Religion, Recite, Vitalisation, Imprison, Donate Gold


You were on level 8 of the Dungeon.
You worshipped Zin.
Zin was greatly pleased with you.
You visited 2 branches of the dungeon, and saw 9 of its levels.
You also visited: Ossuary.

You collected 426 gold pieces.
You spent 55 gold pieces at shops.
You donated 86 gold pieces to Zin.

Inventory:

Hand Weapons
 l - a +1 spear of freezing (weapon)
 M - a +0 trident
Missiles
 e - 85 stones
 q - 10 poisoned darts
Armour
 b - a +0 scale mail (worn)
 c - a +0 buckler (worn)
 g - a +0 pair of gloves (worn)
 j - a scarf of repulsion (worn)
Jewellery
 o - a ring of willpower (left hand)
 F - a ring of see invisible
 G - an amulet of reflection (around neck)
 K - a ring of resist corrosion (right hand)
 P - a ring of ice
Wands
 N - a wand of flame (3)
 O - a wand of mindburst (15)
Scrolls
 a - a scroll of fog {unknown}
 f - 2 scrolls of enchant armour {unknown}
 h - a scroll of summoning {unknown}
 i - 7 scrolls of poison
 k - 6 scrolls of teleportation
 n - 2 scrolls of magic mapping {unknown}
 r - 3 scrolls of blinking
 s - 3 scrolls of amnesia {unknown}
 x - 2 scrolls of noise {unknown}
 y - 2 scrolls of fear {unknown}
 E - a scroll of immolation {unknown}
 H - 2 scrolls of vulnerability {unknown}
 I - a scroll of acquirement {unknown}
 J - a scroll of identify
 L - a scroll of silence {unknown}
 Q - a scroll of brand weapon {unknown}
Potions
 d - 4 potions of might
 p - 2 potions of curing
 t - 2 potions of flight
 u - 2 potions of degeneration
 v - a potion of ambrosia
 w - 3 potions of brilliance
 z - a potion of cancellation {unknown}
 A - 2 potions of magic
 B - a potion of attraction {unknown}
 C - 2 potions of invisibility {unknown}
 D - a potion of haste {unknown}


   Skills:
 - Level 8.0 Fighting
 - Level 10.0 Polearms
 - Level 8.0 Armour
 - Level 6.0 Shields
 - Level 8.0 Invocations
 + Level 2.8 Evocations


You had 9 spell levels left.
You didn't know any spells.
Your spell library contained the following spells:

 Spells                   Type           Power      Damage    Failure   Level
 Call Canine Familiar     Summ           0%         N/A       98%         3
 Portal Projectile        Hex/Tloc       0%         N/A       98%         3
 Leda's Liquefaction      Hex/Erth       0%         N/A       100%        4


Dungeon Overview and Level Annotations

Branches:
Dungeon (8/15)             Temple (1/1) D:4         Ossuary (visited)
   Lair: D:8-11

Altars:
Ashenzari
Cheibriados
Dithmenos
Elyvilon
Fedhas
Gozag
Hepliaklqana
Kikubaaqudgha
Makhleb
Nemelex Xobeh
Ru
Sif Muna
Trog
Vehumet
Wu Jian
Xom
Yredelemnul
Zin
The Shining One

Shops:
D:4 *


Innate Abilities, Weirdness & Mutations

You have a pair of horns on your head.
You reflexively headbutt those who attack you in melee.


Message History

The acid dragon is almost dead.
You block the acid dragon's attack. x2
You hit the acid dragon but do no damage.
The acid dragon is almost dead.
You block the acid dragon's attack. x2
You hit the acid dragon but do no damage.
Your headbutt misses the acid dragon.
The acid dragon is severely wounded.
You hit the acid dragon but do no damage.
You headbutt the acid dragon.
The acid dragon is almost dead.
The acid dragon bites you!
* * * LOW HITPOINT WARNING * * *
You block the acid dragon's attack.
Reach: l) +1 spear (freeze)
Press: ? - help, Dir - move target, f/p - acid dragon
Aim: an acid dragon (almost dead, about 30% to evade your +1 spear of freezing)
You closely miss the acid dragon.
The acid dragon is almost dead.
The acid dragon spits acid at you. The splash of acid misses you.
Zin grants you divine stamina. The acid dragon bites you!
* * * LOW HITPOINT WARNING * * *
The acid dragon claws you but does no damage.
You are too injured to fight recklessly!
You feel much better. The wight barely misses you. You furiously retaliate!
You headbutt the wight. The acid dragon spits acid at you.
The splash of acid hits you! You resist.
* * * LOW HITPOINT WARNING * * *
You closely miss the acid dragon.
You headbutt the acid dragon, but do no damage.
The acid dragon is almost dead.
You hit the acid dragon but do no damage.
The acid dragon is almost dead.
You block the wight's attack. The acid dragon bites you!
* * * LOW HITPOINT WARNING * * *
The acid dragon claws you.
You die...

...#.#.#.########.....#
.#
...#.......>.........
..#
#.#.#.########......
#...#...### #.....#
#.#.#.### #.....#
...#...## #######
...#.#.#..#
##.##...#..#
......#@#..#
#.###.##zDz.#
.........#..#
#.###.##.....# ## ##
.###### .z #.. #.. #..


You could see an acid dragon (catching breath) and 2 wights.

Vanquished Creatures
  A skeletal warrior (D:8)
  Pikel (D:4)
  3 wraiths (D:8)
  A wyvern (D:7)
  Eustachio (D:4)
  A steam dragon (D:7)
  Menkaure (D:7)
  A water moccasin (D:7)
  A sky beast (D:7)
  4 ice beasts
  A black bear (D:6)
  2 orc warriors (D:7)
  2 ogres (D:5)
  2 centaurs
  A lemure (D:4)
  A phantom (D:7)
  A necrophage (D:6)
  10 scorpions
  A wight (D:8)
  3 centaur zombies (Ossuary)
  4 jellies
  4 hounds
  Crazy Yiuf (D:6)
  2 human zombies (Ossuary)
  2 orc priests (D:7)
  4 scorpion zombies (Ossuary)
  4 orc wizards
  An iguana (D:6)
  A hound skeleton (D:6)
  3 mummies (Ossuary)
  4 adders
  2 white imps
  A worm (D:2)
  2 dart slugs
  15 orcs
  10 endoplasms
  3 giant cockroaches
  A gnoll zombie (Ossuary)
  2 goblins (D:1)
  5 hobgoblins
  2 jackals (D:4)
  7 kobolds
  5 quokkas
  6 ball pythons
  5 bats
  2 frilled lizards
  3 goblin zombies (Ossuary)
  2 hobgoblin zombies (Ossuary)
  2 kobold zombies (Ossuary)
  2 orc zombies (Ossuary)
  3 rats (D:1)
149 creatures vanquished.

Notes
Turn   | Place    | Note
-------+----------+-------------------------------------------
     0 | D:1      | NinjaNoafa the Minotaur Fighter began the quest for the
                  | Orb.
     0 | D:1      | Reached XP level 1. HP: 19/19 MP: 0/0
   189 | D:1      | Reached skill level 3 in Polearms
   257 | D:1      | Reached XP level 2. HP: 26/26 MP: 1/1
   363 | D:1      | Reached skill level 4 in Polearms
   688 | D:2      | Reached XP level 3. HP: 31/31 MP: 2/2
   691 | D:2      | Found a broken altar of Ashenzari.
  1318 | D:3      | Found a glowing golden altar of the Shining One.
  1318 | D:3      | Found a white marble altar of Elyvilon.
  1318 | D:3      | Found a glowing silver altar of Zin.
  1330 | D:3      | Became a worshipper of Zin the Law-Giver
  1331 | D:3      | Donated 44 gold pieces to Zin
  1429 | D:3      | Reached * piety under Zin
  1501 | D:3      | Reached skill level 5 in Polearms
  1501 | D:3      | Reached XP level 4. HP: 39/39 MP: 3/3
  1520 | D:3      | Found a broken altar of Ashenzari.
  2054 | D:4      | Noticed Eustachio
  2076 | D:4      | Killed Eustachio
  2077 | D:4      | Reached skill level 7 in Polearms
  2077 | D:4      | Reached XP level 5. HP: 31/45 MP: 4/4
  2149 | D:4      | Found Kukynwie's General Store.
  2154 | D:4      | Bought a scroll of teleportation for 33 gold pieces
  2154 | D:4      | Bought 2 potions of degeneration for 22 gold pieces
  2157 | D:4      | Found a sand-covered staircase.
  2165 | D:4      | Found an opulent altar of Gozag.
  2171 | Ossuary  | Entered an ossuary
  2186 | Ossuary  | Reached XP level 6. HP: 43/51 MP: 5/5
  2229 | Ossuary  | Reached ** piety under Zin
  2230 | Ossuary  | Reached skill level 8 in Polearms
  2316 | Ossuary  | Reached skill level 9 in Polearms
  2439 | Ossuary  | Reached XP level 7. HP: 57/57 MP: 6/6
  2562 | Ossuary  | Reached skill level 10 in Polearms
  2670 | Ossuary  | Reached skill level 5 in Fighting
  2852 | Ossuary  | Reached XP level 8. HP: 45/71 MP: 7/7
  3165 | D:4      | Found a staircase to the Ecumenical Temple.
  3205 | Temple   | Entered the Ecumenical Temple
  3427 | D:4      | Noticed Pikel
  3442 | D:4      | Killed Pikel
  3443 | D:4      | Reached skill level 5 in Armour
  3840 | D:5      | Entered Level 5 of the Dungeon
  4069 | D:5      | Reached *** piety under Zin
  4092 | D:5      | Reached skill level 5 in Shields
  4368 | D:5      | Found an ancient bone altar of Kikubaaqudgha.
  4371 | D:5      | Found a blossoming altar of Fedhas.
  4484 | D:5      | Reached skill level 1 in Invocations
  4485 | D:5      | Reached XP level 9. HP: 45/81 MP: 7/9
  4971 | D:6      | Found a shadowy altar of Dithmenos.
  5019 | D:6      | Found a runed translucent door.
  5020 | D:6      | Noticed Crazy Yiuf
  5185 | D:6      | Found a snail-covered altar of Cheibriados.
  5336 | D:6      | Found a burning altar of Makhleb.
  5671 | D:6      | Reached **** piety under Zin
  5885 | D:6      | Killed Crazy Yiuf
  6196 | D:6      | Reached skill level 5 in Invocations
  6435 | D:7      | Noticed Menkaure
  6446 | D:7      | Killed Menkaure
  7472 | D:8      | Noticed a skeletal warrior
  7493 | D:8      | Killed a skeletal warrior
  7494 | D:8      | Reached XP level 10. HP: 35/88 MP: 13/15
  7498 | D:8      | Reached skill level 1 in Evocations
  7782 | D:8      | HP: 2/88 [acid dragon (14)]
  7782 | D:8      | Slain by an acid dragon

Illustrated notes

Levels and vault maps discovered:
D:1:      heliophobic_arrival_henge, layout_basic
D:2:      layout_rooms, basic_altar, minivault_27, grunt_decor_junction
D:3:      layout_loops_ring, dreamdust_divine_triumvirate,
          evilmike_ruin_ashenzari
D:4:      layout_basic, nicolae_gozag_seed_capital, minmay_temple_entry_glass,
          nicolae_ossuary_entry_monument, serial_shops, nicolae_square_shop,
          uniq_eustachio, uniq_pikel
D:5:      layout_basic, grunt_temple_overflow_growth_and_decay,
          chequers_hall_statues_corner_a
D:6:      layout_loops_ring, nicolae_dithmenos_the_darkroom,
          cheibriados_altar_1, makhleb_blood_cavern_becter,
          minmay_misc_feat_enclosed, uniq_crazy_yiuf_cottage
D:7:      layout_cave_pools, patterned_corridor, uniq_menkaure
D:8:      layout_loops_ring, nicolae_concentric_dashed_squares_mild,
          corexii_leaking_fountain, minmay_guarded_unrand_finisher
Temple:   chequers_temple_sunken

Skill      XL: |  1  2  3  4  5  6  7  8  9 10 |
---------------+-------------------------------+-----
Polearms       | 3 4 5 7 9 10 | 10.0
Fighting       | 6 8 |  8.0
Armour         | 6 8 |  8.0
Shields        | 6 |  6.0
Invocations    | 2 8 |  8.0
Evocations     | 2 |  2.8

Action                   |  1- 3 |  4- 6 |  7- 9 | 10-12 || total
-------------------------+-------+-------+-------+-------++-------
Melee: Trident           |    77 |   104 |   181 |       ||   362
       Headbutt          |     8 |    19 |    81 |    10 ||   118
       Spear             |       |       |   168 |    43 ||   211
Throw: Dart              |       |       |     5 |       ||     5
       Stone             |       |       |     1 |       ||     1
Invok: Donate Gold       |     1 |       |       |       ||     1
       Recite            |       |       |     7 |     2 ||     9
       Vitalisation      |       |       |       |     1 ||     1
  Use: Scroll            |       |       |     9 |       ||     9
       Potion            |       |       |     6 |     1 ||     7
 Stab: Confused          |       |       |     1 |       ||     1
       Invisible         |       |       |     1 |       ||     1
Armor: Scale mail        |    45 |    47 |    78 |     6 ||   176
Dodge: Dodged            |    31 |    46 |    80 |     8 ||   165
       Repelled          |       |       |     1 |       ||     1
Block: Buckler           |    14 |    18 |   102 |    16 ||   150
       Reflection        |       |       |     5 |       ||     5

Table legend: (Time is in decaauts)
 A = Elapsed time spent in this place.
 B = Non-inter-level travel time spent in this place.
 C = Inter-level travel time spent in this place.
 D = Time resting spent in this place.
 E = Time spent auto-exploring this place.
 F = Levels seen in this place.
 G = Mean time per level.
                   A        B        C        D        E       F      G
               +--------+--------+--------+--------+--------+-----+--------+
         Total |   7721 |   7287 |    434 |      0 |   5998 |  10 |  772.1 |
       Dungeon |   6674 |   6271 |    403 |      0 |   5212 |   8 |  834.2 |
        Temple |    201 |    170 |     31 |      0 |    164 |   1 |  201.0 |
       Ossuary |    845 |    845 |      0 |      0 |    622 |   1 |  845.0 |
               +--------+--------+--------+--------+--------+-----+--------+

Top non-repeatable levels by time:
     D:6: 1252 daAuts
     D:7: 1118 daAuts
     D:5: 1097 daAuts
 Ossuary: 845 daAuts
     D:4: 798 daAuts
     D:3: 781 daAuts
     D:1: 674 daAuts
     D:2: 568 daAuts
     D:8: 383 daAuts
  Temple: 201 daAuts
